Map: Ascension to Aiur LE

Players

SkLeafarCk

  • Race: Terran Terran
  • League: Gold
  • Spawn Location: 5:00

Juxtapose - Winner!

  • Race: Zerg Zerg
  • League: Gold
  • Spawn Location: 11:00

VOD

https://youtu.be/P1ljnGS-ZOo

Description

For some reason, it always happens where I initially select to make that first Drone, but it doesn't register. I must be doing something wrong without realizing it.

Anyway, the Battlecruisers surprised me, but that's alright as my Hydralisks and Infestors did fine.

Time

  • Played on: Sept. 16, 2017, 3:48 p.m.
  • Length: 17:41
Show
View Real Time Build Order
Export as new Build Order

SkLeafarCk Terran 

Build Orders: Mech 

Get SALT Encoding   

  12  0:02  SCV  
  13  0:14  SCV  
  13  0:20  Supply Depot  
  14  0:29  SCV  
  15  0:41  SCV  
  16  0:43  Barracks  
  16  0:47  Refinery  
  16  0:53  SCV  
  17  1:05  Supply Depot  
  17  1:06  SCV  
  18  1:18  SCV  
  19  1:30  SCV  
  19  1:31  Reaper  
  21  1:40  Refinery  
  21  1:42  Orbital Command  
  21  2:10  Factory  
  21  2:14  SCV  
  22  2:28  Command Center, Barracks Reactor  
  22  2:38  SCV  
  22  2:41  Supply Depot  
  23  2:50  SCV  
  24  3:23  Starport  
  24  3:27  Widow Mine, Hellion  
  24  3:30  Barracks Tech Lab  
  28  3:44  Orbital Command  
  28  3:49  Hellion  
  28  3:51  Supply Depot  
  28  3:53  Armory  
  30  3:56  Hellion  
  32  4:10  Hellion  
  34  4:17  Hellion  
  34  4:19  Orbital Command  
  36  4:25  Supply Depot  
  36  4:27  Fusion Core  
  36  4:31  Widow Mine  
  38  4:42  Hellion  
  40  4:50  SCV x2  
  42  5:02  SCV x2  
  42  5:03  Factory  
  42  5:05  Factory  
  36  5:23  Weapon Refit  
  36  5:48  Refinery x2  
  38  5:50  Hellion x2  
  38  5:55  Factory Tech Lab x2  
  40  6:00  Battlecruiser  
  46  6:05  SCV x2  
  48  6:14  Supply Depot  
  48  6:17  SCV x2  
  50  6:30  Siege Tank x2  
  56  6:38  Bunker  
  56  6:46  Terran Vehicle And Ship Armor Level 1  
  56  7:08  Supply Depot  
  56  7:14  Thor  
  62  7:15  Engineering Bay, Siege Tank  
  62  7:16  Hellion x2  
  62  7:21  SCV x2  
  71  7:31  Marine  
  71  7:33  SCV x2  
  74  7:39  Hellion x4  
  74  7:45  SCV  
  74  7:46  Missile Turret  
  74  7:49  Marine  
  76  7:52  Missile Turret  
  76  7:53  Battlecruiser  
  76  7:55  Missile Turret  
  82  8:02  Hellion x2  
  86  8:07  Missile Turret  
  86  8:25  Missile Turret  
  86  8:36  Infernal Pre-Igniter  
  86  8:38  Command Center  
  86  8:40  Terran Ship Weapons Level 1  
  86  8:41  Marine  
  86  8:42  Hellion x3  
  93  8:49  Supply Depot  
  93  8:50  Supply Depot  
  93  8:59  Marine  
  81  9:12  Supply Depot  
  81  9:14  Battlecruiser  
  87  9:23  Siege Tank x2  
  95  9:24  Hellion  
  95  9:26  Hellion  
  97  9:52  Orbital Command  
  97  10:02  Factory  
  97  10:07  Factory  
  97  10:15  Orbital Command  
  97  10:19  Missile Turret  
  97  10:35  Terran Vehicle Weapons Level 1  
  97  10:36  Battlecruiser  
  97  10:41  Missile Turret  
  94  10:50  Orbital Command  
  75  11:21  Factory Tech Lab  
  75  11:24  Factory Tech Lab  
  75  11:34  SCV  
  75  11:35  SCV x2  
  75  11:38  Siege Tank x2  
  84  11:40  Hellion  
  84  11:41  Hellion x2  
  84  11:46  SCV  
  92  11:47  SCV x2  
  93  11:58  Battlecruiser  
  93  11:59  SCV  
  100  12:02  Siege Tank  
  103  12:15  Missile Turret  
  97  12:39  Hellion x3, Siege Tank x3  
  106  12:50  SCV  
  106  12:51  SCV  
  108  13:01  Cyclone  
  108  13:02  Cyclone x2  
  108  13:03  Battlecruiser  
  123  13:06  Terran Vehicle And Ship Armor Level 2  
  123  13:11  Cyclone  
  126  13:20  Refinery  
  126  13:22  Refinery  
  126  13:30  Supply Depot  
  126  13:33  Supply Depot  
  120  13:34  Supply Depot  
  120  13:37  Supply Depot  
  67  14:12  Hellion x3  
  55  14:34  Hellion x3  
  55  14:35  Hellion x3  
  61  14:55  Hellion  
  61  14:56  Hellion x4, Siege Tank  
  74  15:11  Command Center  
  62  15:17  Thor x2, Hellion x2  
  23  16:28  Orbital Command  
  23  16:42  Hellion x5  
  23  16:43  Hellion  
  35  17:01  SCV  
  42  17:13  SCV  
  43  17:25  SCV  
Show
View Real Time Build Order
Export as new Build Order

Juxtapose Zerg - Winner!

Build Orders: Pool First 

Get SALT Encoding   

  12  0:07  Drone  
  12  0:12  Overlord  
  13  0:18  Drone  
  14  0:31  Drone  
  14  0:32  Drone  
  16  0:43  Overlord  
  16  0:52  Spawning Pool  
  16  0:54  Drone  
  16  1:03  Drone  
  17  1:06  Extractor  
  16  1:14  Drone  
  17  1:26  Drone  
  18  1:41  Hatchery  
  18  1:42  Drone  
  18  1:46  Queen  
  20  1:52  Drone  
  21  1:57  Drone  
  22  2:14  Drone  
  22  2:18  Zergling x2  
  22  2:22  Spine Crawler  
  22  2:27  Drone  
  23  2:30  Metabolic Boost  
  23  2:31  Extractor  
  22  2:37  Roach Warren  
  22  2:38  Drone  
  22  3:01  Drone  
  22  3:02  Queen  
  22  3:04  Zergling x2, Drone  
  22  3:05  Zergling x2  
  28  3:10  Drone  
  29  3:17  Lair  
  29  3:24  Drone x2  
  31  3:34  Drone  
  31  3:38  Roach x2  
  36  3:50  Overlord  
  36  4:06  Queen  
  36  4:16  Drone x2  
  36  4:17  Drone x4  
  40  4:21  Drone x2  
  44  4:27  Glial Reconstitution  
  44  4:32  Infestation Pit  
  44  4:35  Drone  
  44  4:57  Overlord x2  
  44  4:59  Extractor  
  43  5:11  Drone  
  43  5:21  Drone x2  
  45  5:23  Roach  
  45  5:26  Pathogen Glands  
  47  5:32  Queen  
  47  5:33  Drone x4  
  53  5:36  Extractor  
  53  5:39  Spine Crawler  
  51  5:49  Hive  
  51  5:52  Roach  
  51  5:53  Roach x3  
  51  5:54  Overlord  
  51  5:56  Overlord  
  59  5:57  Overlord  
  59  5:58  Drone  
  60  6:27  Infestor x2  
  64  6:45  Burrow  
  64  6:53  Evolution Chamber  
  63  6:57  Drone  
  64  7:15  Ultralisk Cavern  
  63  7:20  Infestor  
  63  7:22  Overlord x2  
  65  7:23  Zergling x8  
  65  7:24  Zergling x2  
  70  7:30  Hydralisk Den  
  69  7:40  Drone x2  
  71  7:49  Hatchery  
  70  7:52  Adrenal Glands  
  70  7:54  Overlord x3  
  70  8:23  Hydralisk x4  
  70  8:24  Hydralisk  
  80  8:33  Overseer x2  
  80  8:50  Ultralisk  
  80  8:54  Extractor  
  80  9:11  Ultralisk  
  80  9:13  Hydralisk  
  80  9:14  Zergling x8  
  80  9:15  Zergling x16  
  80  9:16  Zergling x12  
  80  9:17  Zergling x2  
  107  9:22  Drone  
  108  9:28  Drone x3  
  111  9:36  Chitinous Plating  
  111  10:17  Muscular Augments  
  111  10:18  Hydralisk, Ultralisk x2  
  111  10:19  Hydralisk x2  
  129  10:22  Zergling x2, Overlord x2  
  129  10:23  Overlord x5  
  107  10:55  Zergling x8  
  107  10:56  Zergling x8, Drone x3  
  107  10:57  Drone x4  
  108  11:07  Spire  
  108  11:08  Hydralisk x3  
  107  11:20  Drone  
  107  11:24  Spore Crawler  
  107  11:34  Infestor  
  107  11:37  Neural Parasite  
  109  11:40  Drone x3  
  109  11:41  Hydralisk x3  
  109  11:42  Hydralisk  
  109  11:46  Drone  
  109  11:47  Drone  
  122  12:16  Hydralisk x7  
  122  12:17  Hydralisk x2  
  122  12:19  Corruptor  
  138  12:26  Corruptor  
  134  12:44  Drone  
  134  12:45  Drone x2  
  137  12:52  Queen  
  139  13:05  Corruptor x3  
  139  13:06  Hydralisk Den  
  139  13:08  Hatchery  
  143  13:14  Zerg Ground Armor Level 1  
  143  13:17  Infestor  
  120  13:52  Hydralisk x6  
  128  14:07  Hydralisk x7  
  128  14:08  Hydralisk  
  136  14:29  Zergling x8  
  136  14:30  Zergling x4  
  139  14:52  Queen  
  141  14:59  Hydralisk x6  
  147  15:00  Hydralisk, Corruptor x2  
  147  15:06  Infestor  
  156  15:07  Infestor  
  156  15:13  Ultralisk  
  145  15:27  Queen  
  131  15:28  Hydralisk x2  
  131  15:29  Hydralisk x9  
  89  15:57  Zergling x4  
  89  15:58  Zergling x10  
  82  16:29  Hatchery  
  81  16:36  Ultralisk x3  
  99  16:49  Overseer x2  
  99  17:03  Hydralisk  
  99  17:04  Hydralisk x5  
  99  17:05  Hatchery  
  110  17:13  Zergling x14  
  110  17:14  Zergling x4  
  119  17:16  Hydralisk  
  132  17:22  Zergling x2  
Tags
 
Composition
Mech
League
GoldGold
Matchup
TvZ
Opening
Pool First
Spawn Locations
Cross Positions
Add a new tag
Caveats
  • Supply blocks, unpowered buildings, or Contaminate may cause inaccurate times.
  • Supply counts are checked every 10 seconds.